AoeStats
← RIO NILO ^

Arabia

505560162Analyzed
1v1 RM · 23d ago on Sep 10, 2026· 33m 13s· 2 players
Game mode
Random Map
Map size
Tiny (2 player)
Population
200
Speed
Normal
Resources
Standard
Victory
Conquest
Starting age
Dark Age
Ending age
Imperial Age
RankedLock teamsTeams togetherTeam positionsShared explorationLock speedFull tech treeHidden civsTurbo modeCheats
Victory
Defeat
🇺🇸 Wei · United States
1368
+15
🇦🇷 Celts · Argentina
1357
-15
RIO NILO ^
6:51 Loom
9:31 Feudal Age
13:03 Fletching
17:06 Double-Bit Axe
23:52 Castle Age
21:59 Gold Mining
22:52 Padded Archer Armor
23:54 Crossbowman
24:31 Bodkin Arrow
25:47 Bow Saw
Wonderphil
6:02 Loom
9:30 Feudal Age
10:08 Double-Bit Axe
13:03 Horse Collar
14:16 Fletching
18:59 Scale Barding Armor
20:01 Bloodlines
22:29 Forging
26:29 Wheelbarrow
29:47 Castle Age
28:51 Gold Mining
30:34 Husbandry
33:44 Iron Casting
33:32 Chain Barding Armor
Connection lost

Rejoining the realm…

Still unreachable

The connection could not be restored.

Session expired

The server has moved on; the page needs a fresh start.